Map: Ice and Chrome LE

Players

Vindicta - Winner!

  • Race: Terran Terran
  • League: Master
  • Spawn Location: 1:00

Namshar

  • Race: Zerg Zerg
  • League: Grandmaster
  • Spawn Location: 7:00

Event: DreamHack SC2 Masters 2020 Fall

VOD

Have the link to the VOD?

Description

Time

  • Played on: Sept. 2, 2020, 4:03 p.m.
  • Length: 16:08

All games in this series

Show
View Real Time Build Order
Export as new Build Order

Vindicta Terran - Winner!

Build Orders: Reaper Expand, Mech 

Get SALT Encoding   

  12  0:00  SCV  
  13  0:12  SCV  
  14  0:17  Supply Depot  
  14  0:24  SCV  
  15  0:38  SCV  
  15  0:40  Barracks  
  16  0:44  Refinery  
  16  0:50  SCV  
  17  1:02  SCV  
  18  1:15  SCV  
  19  1:27  Reaper, Orbital Command  
  20  1:40  Command Center  
  20  1:52  Supply Depot  
  20  1:54  SCV  
  21  1:59  Marine  
  22  2:06  SCV  
  23  2:16  Factory  
  23  2:21  SCV, Barracks Reactor  
  24  2:33  SCV  
  25  2:45  SCV  
  25  2:48  Command Center  
  26  2:52  Orbital Command  
  26  2:57  SCV  
  27  3:07  Hellion x2, Marine  
  27  3:09  SCV  
  33  3:15  Starport  
  33  3:19  SCV  
  34  3:21  SCV  
  35  3:28  Hellion  
  35  3:31  SCV  
  35  3:32  Hellion  
  35  3:33  SCV  
  41  3:35  Refinery  
  41  3:39  Refinery  
  41  3:44  SCV  
  41  3:46  SCV  
  43  3:53  Starport Tech Lab  
  43  3:56  SCV  
  43  3:58  SCV  
  43  4:01  Hellion  
  49  4:03  Hellion  
  49  4:08  SCV  
  50  4:10  Orbital Command  
  50  4:12  SCV, Fusion Core  
  51  4:20  SCV  
  53  4:24  SCV  
  53  4:25  Hellion x2  
  57  4:36  SCV  
  59  4:40  Supply Depot  
  59  4:43  Supply Depot  
  59  4:44  SCV  
  59  4:45  SCV  
  59  4:52  SCV  
  61  5:02  Hellion x2  
  61  5:04  SCV  
  61  5:05  Battlecruiser  
  61  5:06  Supply Depot  
  72  5:07  Armory, Refinery  
  72  5:08  SCV  
  74  5:16  SCV  
  74  5:17  Orbital Command  
  74  5:22  SCV, Factory x2  
  74  5:23  Hellion  
  74  5:27  Hellion  
  79  5:29  SCV  
  79  5:34  SCV  
  81  5:39  Supply Depot  
  81  5:41  SCV  
  83  5:42  SCV  
  83  5:44  Hellion  
  85  5:51  Refinery  
  85  5:57  Armory  
  85  5:58  Armory  
  85  5:59  Refinery  
  85  6:01  SCV x3, Hellion  
  85  6:03  Supply Depot  
  90  6:06  Hellion, Factory Tech Lab x2  
  90  6:10  Bunker  
  92  6:13  SCV  
  93  6:24  SCV, Battlecruiser  
  101  6:28  SCV  
  101  6:34  Supply Depot, Siege Tank x2  
  101  6:38  SCV x2  
  109  6:43  Supply Depot  
  109  6:49  Supply Depot  
  109  6:53  Terran Ship Weapons Level 1, Terran Vehicle And Ship Armor Level 1  
  109  6:55  SCV x3  
  109  7:01  Engineering Bay  
  112  7:02  Hellion  
  112  7:07  SCV x2  
  117  7:13  Command Center  
  117  7:15  Cyclone x2  
  123  7:16  Infernal Pre-Igniter  
  123  7:18  SCV  
  123  7:20  SCV  
  124  7:24  Hellion  
  124  7:25  SCV  
  118  7:37  Mag-Field Accelerator  
  118  7:38  Factory  
  118  7:39  SCV  
  118  7:40  Factory  
  118  7:42  Starport Reactor  
  118  7:44  SCV, Missile Turret  
  118  7:45  Missile Turret  
  118  7:46  SCV  
  118  7:47  Cyclone  
  118  7:48  Terran Vehicle Weapons Level 1  
  118  7:50  Hellion  
  118  7:51  SCV  
  126  7:57  SCV  
  126  7:58  SCV  
  126  8:00  Cyclone  
  126  8:03  SCV  
  130  8:05  Supply Depot, Sensor Tower  
  130  8:09  SCV  
  130  8:10  SCV  
  132  8:13  Hellion  
  132  8:15  SCV  
  132  8:16  Supply Depot, Barracks Tech Lab  
  131  8:25  Cyclone, Liberator x2  
  131  8:26  Factory Reactor  
  140  8:29  SCV  
  139  8:34  Hellion  
  139  8:35  Hellion x2  
  139  8:37  SCV  
  139  8:38  SCV  
  147  8:41  SCV  
  147  8:42  Refinery  
  147  8:46  Refinery, Sensor Tower  
  152  8:56  Hellion x2  
  152  8:57  Command Center  
  152  9:02  Hellion  
  158  9:05  Smart Servos  
  158  9:06  Hellion  
  158  9:08  Liberator  
  163  9:11  Hellion  
  163  9:16  Planetary Fortress  
  159  9:20  Hellion  
  159  9:21  Missile Turret x2  
  159  9:22  Hellion  
  153  9:26  Terran Vehicle And Ship Armor Level 2  
  153  9:27  Terran Ship Weapons Level 2  
  153  9:29  SCV  
  147  9:31  Hellion  
  147  9:32  Hellion  
  147  9:36  Siege Tank  
  147  9:37  Siege Tank  
  156  9:45  Neosteel Armor  
  156  9:49  Hellion  
  158  9:53  Siege Tank  
  161  10:00  Supply Depot  
  161  10:03  Supply Depot  
  161  10:08  Siege Tank  
  161  10:10  Orbital Command, Siege Tank  
  161  10:12  Orbital Command  
  167  10:15  Liberator  
  167  10:17  Command Center  
  167  10:19  Command Center x2  
  170  10:23  Orbital Command  
  170  10:25  Siege Tank  
  166  10:29  SCV x3  
  166  10:30  Hellion  
  153  10:40  Siege Tank  
  153  10:41  SCV x3  
  153  10:42  Siege Tank  
  162  10:45  Supply Depot  
  163  10:51  Orbital Command  
  163  10:52  SCV  
  163  10:53  SCV x2  
  155  11:04  SCV  
  155  11:05  SCV  
  156  11:13  Hellion  
  156  11:14  Thor  
  156  11:15  Thor x2  
  173  11:18  Liberator  
  173  11:24  Hellion  
  178  11:29  Refinery  
  178  11:30  Armory, Refinery  
  178  11:31  Orbital Command  
  178  11:32  Orbital Command  
  178  11:35  Hellion  
  178  11:39  Hellion  
  177  11:44  Hellion  
  177  11:45  SCV, Hellion  
  177  11:46  SCV x3  
  175  11:50  Orbital Command  
  175  11:52  Terran Ship Weapons Level 3, Terran Vehicle And Ship Armor Level 3  
  171  11:57  SCV, Hellion, Cyclone  
  171  11:58  Cyclone  
  171  12:00  Hellion  
  171  12:01  Liberator  
  188  12:05  Hellion  
  188  12:07  Hellion, Planetary Fortress  
  178  12:10  SCV  
  178  12:11  SCV, Missile Turret  
  171  12:16  SCV, Missile Turret x2  
  171  12:19  Hellion  
  171  12:23  Liberator  
  171  12:24  Terran Vehicle Weapons Level 2  
  171  12:25  Advanced Ballistics  
  171  12:27  SCV, Hellion  
  171  12:28  SCV  
  170  12:30  Starport  
  170  12:32  Siege Tank  
  170  12:34  Missile Turret  
  173  12:37  Hellion  
  173  12:38  Hellion x2  
  173  12:41  Refinery x2  
  173  12:42  Hellion  
  181  12:44  SCV, Hellion  
  181  12:49  Hellion  
  181  12:50  SCV  
  187  12:56  Liberator  
  180  13:04  Hellion, Sensor Tower  
  185  13:06  Cyclone, Liberator  
  185  13:07  Hellion x2  
  185  13:11  Sensor Tower  
  186  13:13  Cyclone, Command Center  
  186  13:14  Hellion  
  186  13:17  Cyclone, Sensor Tower  
  192  13:23  SCV  
  192  13:24  Starport Reactor  
  192  13:26  Hellion  
  193  13:28  Hellion x2  
  185  13:35  Hellion  
  185  13:38  Hellion  
  185  13:39  Liberator  
  189  13:45  Siege Tank  
  192  13:48  Liberator  
  192  13:49  Siege Tank  
  192  13:52  Hellion  
  198  14:05  Command Center, Siege Tank  
  198  14:07  Hellion x2  
  199  14:10  Command Center  
  196  14:17  Siege Tank  
  196  14:20  Missile Turret  
  199  14:29  Siege Tank  
  187  14:36  Hellion  
  187  14:37  Siege Tank  
  192  14:38  Liberator  
  186  14:49  Thor  
  192  15:01  Missile Turret, Siege Tank  
  192  15:05  Hellion  
  192  15:06  Hellion  
  187  15:09  Siege Tank  
  187  15:10  Hellion  
  189  15:15  Hellion  
  189  15:16  Planetary Fortress  
  189  15:20  Liberator  
  194  15:26  Hellion  
  192  15:29  Hellion  
  192  15:30  Orbital Command  
  192  15:31  Orbital Command  
  192  15:32  Siege Tank  
  184  15:40  Hellion x2  
  184  15:42  Hellion  
  183  15:51  SCV x2  
  183  15:55  Factory  
  183  15:56  Factory  
  187  15:58  Refinery  
  187  15:59  Refinery  
Show
View Real Time Build Order
Export as new Build Order

Namshar Zerg 

Build Orders: Hatch First 

Get SALT Encoding   

  12  0:00  Drone  
  13  0:12  Overlord  
  13  0:16  Drone  
  14  0:30  Drone x2  
  16  0:46  Hatchery  
  15  0:50  Drone  
  15  0:53  Drone  
  15  0:56  Drone  
  18  1:07  Extractor  
  17  1:12  Spawning Pool  
  17  1:15  Drone  
  17  1:17  Drone  
  18  1:27  Drone  
  19  1:38  Drone  
  20  1:49  Drone  
  21  1:59  Queen x2  
  21  2:00  Zergling x4  
  27  2:13  Hatchery  
  26  2:17  Overlord  
  26  2:20  Drone  
  26  2:22  Drone  
  28  2:30  Metabolic Boost  
  28  2:38  Drone x3  
  31  2:45  Drone  
  31  2:46  Overlord  
  31  2:51  Queen  
  33  2:55  Drone  
  33  2:57  Drone  
  35  3:04  Drone  
  36  3:05  Drone  
  36  3:09  Drone x3  
  40  3:15  Drone  
  40  3:17  Pneumatized Carapace  
  41  3:20  Drone  
  41  3:25  Overlord  
  42  3:27  Queen  
  42  3:31  Drone  
  42  3:34  Queen  
  45  3:37  Drone  
  45  3:38  Drone  
  49  3:43  Overlord  
  49  3:45  Zergling x4  
  51  3:51  Drone  
  51  3:52  Drone x2  
  54  3:55  Zergling x2  
  54  3:56  Zergling x2  
  56  4:03  Drone x5  
  56  4:04  Queen  
  56  4:09  Overlord  
  63  4:10  Overlord  
  63  4:18  Roach Warren  
  63  4:22  Drone  
  63  4:23  Drone x2  
  65  4:27  Zergling x2, Drone  
  65  4:29  Overlord  
  65  4:30  Drone x2  
  69  4:34  Extractor  
  69  4:36  Drone x5, Extractor  
  72  4:43  Lair  
  72  4:48  Overlord  
  72  4:49  Evolution Chamber, Drone x4  
  75  4:57  Zergling x2  
  76  5:01  Drone x6  
  76  5:05  Spore Crawler x2  
  76  5:06  Spore Crawler  
  79  5:07  Roach  
  79  5:08  Queen  
  79  5:11  Overlord  
  79  5:12  Roach  
  85  5:16  Roach  
  85  5:19  Queen  
  89  5:23  Overlord x2, Extractor x2  
  89  5:24  Roach  
  89  5:26  Roach  
  91  5:31  Overlord  
  91  5:33  Drone, Extractor  
  91  5:40  Drone x2  
  91  5:42  Drone  
  94  5:45  Drone  
  94  5:47  Spire  
  94  5:49  Drone x3  
  97  5:51  Hatchery, Drone  
  97  5:52  Drone  
  97  5:56  Drone x2  
  100  5:59  Roach x2  
  104  6:09  Glial Reconstitution  
  104  6:10  Zerg Missile Weapons Level 1  
  104  6:12  Overlord  
  104  6:17  Overlord x2  
  102  6:27  Drone  
  102  6:28  Spore Crawler  
  102  6:29  Drone x10  
  112  6:34  Evolution Chamber, Baneling Nest  
  110  6:40  Queen  
  110  6:46  Overlord  
  112  6:50  Overlord  
  112  6:53  Extractor  
  111  6:54  Extractor  
  110  7:02  Corruptor x7  
  110  7:06  Zerg Flyer Armor Level 1  
  110  7:07  Overlord  
  124  7:09  Drone  
  124  7:10  Zerg Melee Weapons Level 1  
  124  7:11  Drone x3  
  128  7:26  Drone x8  
  128  7:27  Drone x4  
  136  7:38  Drone x6  
  136  7:40  Hatchery  
  141  7:48  Overlord  
  137  8:06  Roach x8  
  148  8:16  Zergling x18, Roach  
  158  8:35  Hatchery, Baneling x9  
  158  8:36  Zerg Missile Weapons Level 2  
  158  8:38  Centrifical Hooks, Drone  
  158  8:40  Infestation Pit, Overlord  
  157  8:45  Drone  
  157  8:46  Drone x5  
  163  8:49  Baneling x7  
  163  8:51  Hatchery  
  163  8:53  Ravager x4  
  163  8:54  Ravager x12  
  163  8:55  Zergling x16  
  185  9:00  Evolution Chamber  
  185  9:05  Zerg Melee Weapons Level 2  
  185  9:09  Drone x5  
  183  9:15  Zergling x6  
  183  9:16  Zergling x18  
  190  9:29  Baneling x7  
  190  9:37  Drone  
  191  9:39  Hive  
  191  9:40  Evolution Chamber  
  191  9:41  Zergling x2  
  191  9:42  Zergling x16  
  199  9:45  Baneling  
  199  9:46  Baneling x8  
  197  10:02  Zergling x6  
  198  10:18  Corruptor x3  
  196  10:25  Zergling x22  
  191  10:32  Corruptor x4  
  176  10:37  Roach  
  176  10:38  Zergling x8, Roach, Drone  
  176  10:39  Drone x12  
  194  10:53  Drone x3  
  194  10:55  Baneling x9  
  195  11:02  Baneling  
  195  11:03  Baneling x9  
  194  11:06  Drone  
  194  11:07  Adrenal Glands  
  194  11:08  Ultralisk Cavern  
  194  11:09  Zerg Ground Armor Level 1, Zerg Missile Weapons Level 3  
  194  11:20  Baneling x12  
  194  11:24  Zergling x12  
  200  11:29  Hatchery x2  
  200  11:31  Zergling x4  
  186  11:42  Corruptor x2  
  175  11:47  Zergling x36  
  190  11:58  Queen x2  
  186  12:01  Zergling x2  
  186  12:02  Zergling x22  
  188  12:09  Zergling x26  
  188  12:12  Baneling x11  
  188  12:14  Ravager  
  188  12:15  Zergling x2, Roach  
  199  12:25  Drone  
  188  12:40  Zergling x2  
  188  12:41  Zergling x16  
  190  12:45  Drone x9  
  187  13:00  Baneling x10  
  187  13:02  Baneling x8  
  187  13:04  Drone x4  
  187  13:07  Drone x4  
  187  13:16  Baneling x7  
  187  13:21  Drone x3  
  187  13:26  Zergling x18  
  189  13:37  Baneling x7  
  189  13:38  Roach  
  189  13:39  Roach x3  
  197  13:45  Zerg Flyer Weapons Level 1  
  188  13:57  Drone x6  
  184  14:12  Zergling x26, Roach  
  184  14:15  Drone  
  200  14:21  Baneling  
  200  14:22  Baneling x4  
  195  14:37  Zergling x8  
  199  14:42  Chitinous Plating  
  199  14:44  Burrow, Pathogen Glands  
  198  14:54  Baneling x11  
  196  15:03  Zergling x2, Roach  
  196  15:04  Zergling x34  
  196  15:06  Roach x2  
  181  15:17  Zergling x20, Roach  
  181  15:19  Zergling x2  
  181  15:20  Zergling x4, Roach  
  192  15:23  Baneling x15  
  192  15:25  Roach  
  185  15:32  Zergling x8, Roach x2  
  178  15:36  Ravager, Baneling  
  178  15:37  Roach x2, Baneling x8  
  178  15:38  Zergling x8  
  178  15:39  Baneling x9  
  178  15:41  Zergling x2  
  180  15:45  Roach  
  180  15:48  Roach x5  

Tags
 
Add a new tag
Caveats
  • Supply blocks, unpowered buildings, or Contaminate may cause inaccurate times.
  • Supply counts are checked every 10 seconds.